 Dungeon Crawl Stone Soup version 0.29.1-15-g9cfb28693d (webtiles) character file.

Game seed: 11103628275063677486

32671 raph the Grappler (level 13, -3/130 HPs)
             Began as a Troll Warper on Apr 9, 2023.
             Was a Priest of Elyvilon.
             Slain by an azure jelly (27 damage)
             ... in an ice cave.
             The game lasted 00:27:06 (13331 turns).

raph the Grappler (Troll Warper)                   Turns: 13331, Time: 00:27:07

Health: -3/130     AC: 12    Str: 22    XL:     13   Next: 32%
Magic:  5/16       EV: 11    Int: 11    God:    Elyvilon [***...]
Gold:   822        SH:  0    Dex: 11    Spells: 5/18 levels left

rFire   . . .      SeeInvis +     - Unarmed
rCold   . . .      Faith    .   (no shield)
rNeg    . . .      Spirit   .   a - +1 acid dragon scales
rPois   .          Reflect  .   (helmet restricted)
rElec   .          Harm     .   n - +2 cloak
rCorr   +          Rampage  .   (gloves unavailable)
Will    .....                   (boots unavailable)
Stlth   +.........              H - amulet of regeneration
HPRegen 1.91/turn               F - ring of wizardry
MPRegen 0.15/turn               K - ring of see invisible

@: no status effects
A: large, unfitting armour, claws 3, regeneration 1, shaggy fur 1, tough skin 1
a: Renounce Religion, Purification, Heal Other, Heal Self


You were in an ice cave.
You worshipped Elyvilon.
Elyvilon was most pleased with you.
You visited 3 branches of the dungeon, and saw 16 of its levels.
You also visited: Bailey and Ice Cave.

You collected 1039 gold pieces.
You spent 217 gold pieces at shops.

Inventory:

Hand Weapons
 w - the +5 short sword "Zadun" {vorpal, rF- Str+6 SInv}
   (You found it on level 4 of the Dungeon)

   It inflicts extra damage upon your enemies.
   Str:       It affects your strength (+6).
   rF:        It makes you vulnerable to fire.
   SInv:      It lets you see invisible.
 x - a +1 great mace of protection
Missiles
 c - 4 boomerangs of dispersal
 i - a throwing net
 r - 14 poisoned darts (quivered)
 E - 19 boomerangs
Armour
 a - +1 acid dragon scales (worn)
 n - a +2 cloak (worn)
 A - a scarf of repulsion
 D - a +1 robe of willpower
 G - a +0 hat
Jewellery
 m - a ring of flight
 p - an amulet of the acrobat
 F - a ring of wizardry (left claw)
 H - an amulet of regeneration (around neck)
 J - a ring of magical power
 K - a ring of see invisible (right claw)
Wands
 s - a wand of roots (29)
 C - a wand of acid (17)
 I - a wand of digging (4)
 L - a wand of charming (6)
 M - a wand of flame (16)
Scrolls
 b - 4 scrolls of blinking
 g - 7 scrolls of teleportation
 v - 5 scrolls of fear
 y - 3 scrolls of amnesia
 B - 2 scrolls of identify
 O - a scroll of immolation
Potions
 d - a potion of berserk rage {unknown}
 e - 8 potions of curing
 f - 2 potions of mutation
 h - 3 potions of resistance
 j - 4 potions of ambrosia
 k - 2 potions of attraction
 l - 3 potions of haste
 o - a potion of flight
 t - a potion of brilliance
 z - a potion of cancellation
Miscellaneous
 N - a box of beasts


   Skills:
 + Level 8.9 Fighting
 + Level 6.1 Throwing
 + Level 6.3 Dodging
 * Level 14.6 Unarmed Combat
 - Level 3.1 Spellcasting
 - Level 4.6 Translocations
 + Level 1.7 Earth Magic
 + Level 6.1 Invocations
 + Level 3.4 Evocations


You had 5 spell levels left.
You knew the following spells:

 Your Spells              Type           Power      Damage    Failure   Level
a - Blink                 Tloc           22%        N/A       3%          2
b - Gell's Gravitas       Tloc           11%        N/A       6%          3
c - Lesser Beckoning      Tloc           11%        N/A       6%          3
d - Teleport Other        Tloc           11%        N/A       6%          3
e - Passwall              Tmut/Erth      2%         N/A       14%         2

Your spell library contained the following spells:

 Spells                   Type           Power      Damage    Failure   Level
 Sandblast                Erth           10%        2d5       6%          1
 Shock                    Conj/Air       4%         1d3       13%         1
 Stone Arrow              Conj/Erth      6%         3d7       26%         3
 Confusing Touch          Hex            1%         N/A       36%         3
 Swiftness                Air            1%         N/A       36%         3
 Manifold Assault         Tloc           11%        N/A       45%         5
 Airstrike                Air            0%         2d(1-17)  75%         4
 Yara's Violent Unravell  Hex/Tmut       0%         3d3       97%         5
 Enfeeble                 Hex            0%         N/A       100%        7


Dungeon Overview and Level Annotations

Branches:
Dungeon (13/15)            Temple (1/1) D:6            Lair (2/5) D:10
 Shoals (0/4) Lair:2          Orc (0/2) D:9          Bailey (visited)
  IceCv (1/1)
  Snake: Lair:2-3    Spider: Lair:2-3    Vaults: D:13-14

Altars:
Ashenzari
Cheibriados
Dithmenos
Elyvilon
Fedhas
Gozag
Hepliaklqana
Kikubaaqudgha
Makhleb
Nemelex Xobeh
Okawaru
Qazlal
Ru
Sif Muna
Trog
Uskayaw
Vehumet
Wu Jian
Xom
Yredelemnul
Zin
The Shining One

Shops:
D:4 *

Annotations:
D:6 1 transporter
D:12 2 runed translucent doors, Rupert; protoss039's ghost, journeyman DsEE


Innate Abilities, Weirdness & Mutations

You are too large for most types of armour.
You have claws for hands.
Your natural rate of healing is unusually fast.
You are covered in fur. (AC +1)
You have tough skin. (AC +1)


Message History

You barely miss the azure jelly. You claw the azure jelly!
The azure jelly is moderately wounded.
The azure jelly hits you but does no damage. x4
You claw the azure jelly!
The azure jelly is moderately wounded.
The azure jelly hits you but does no damage. x3
The azure jelly closely misses you.
You scratch the azure jelly.
The azure jelly is moderately wounded.
The azure jelly hits you but does no damage.
The azure jelly hits you. The azure jelly freezes you!!
The azure jelly hits you but does no damage. x2
You scratch the azure jelly but do no damage.
The azure jelly is moderately wounded.
You scratch the azure jelly.
The azure jelly is moderately wounded.
The azure jelly completely misses you. The azure jelly hits you.
The azure jelly freezes you!!
* * * LOW HITPOINT WARNING * * *
The azure jelly hits you.
* * * LOW HITPOINT WARNING * * *
The azure jelly hits you.
* * * LOW HITPOINT WARNING * * *
You are healed.
The azure jelly hits you. The azure jelly freezes you!
* * * LOW HITPOINT WARNING * * *
The azure jelly hits you but does no damage.
The azure jelly misses you. The azure jelly closely misses you.
You are healed.
The azure jelly hits you but does no damage. x4
The azure jelly hits you! The azure jelly freezes you!!!
* * * LOW HITPOINT WARNING * * *
The azure jelly barely misses you. The azure jelly hits you.
* * * LOW HITPOINT WARNING * * *
The azure jelly closely misses you.
You are healed.
The azure jelly hits you but does no damage.
The azure jelly hits you.
* * * LOW HITPOINT WARNING * * *
The azure jelly freezes you!!
You die...

.##
##..##...##.##..#
.#
#...##...#...#..#
##
##...##..##......#
#
#....##..##......#
#
##..####..##......#
# #...#
#..##......# #..##
#..##.##..## #..#
##..##..##.# #..##
#..###.@####
##..###..###.J.# #
#..##...##....# #
#...#...##.....# .
##......#.......#
.# ##....##.......#
.# #....#...#.#...
##..##.........#
##.##..#._.#..#


You could see an azure jelly.

Vanquished Creatures
  An orc warlord (Bailey)
  A quicksilver ooze (IceCv)
  A hydra (Lair:2)
  A boulder beetle (D:12)
  3 two-headed ogres
  2 centaur warriors
  Erica (D:11)
  A tengu warrior (D:13)
  An ugly thing (D:13)
  3 deep elf pyromancers
  A harpy (shapeshifter) (D:13)
  3 cyclopes
  Maurice (D:10)
  Joseph (D:8)
  An ice statue (IceCv)
  4 cane toads (Lair:2)
  2 gargoyles
  Maggie (D:9)
  Psyche (D:12)
  2 rime drakes (Lair:1)
  An efreet (D:13)
  3 komodo dragons
  5 trolls
  A polar bear (Lair:2)
  2 hornets
  Grinder (D:5)
  20 slime creatures
  2 blink frogs (Lair:2)
  2 wyverns (D:10)
  4 shadows
  A vampire (D:11)
  A wraith (D:13)
  2 basilisks (Lair:2)
  Eustachio (D:5)
  6 yaks
  Menkaure (D:6)
  6 vampire mosquitoes
  A steam dragon (D:10)
  Edmund (D:6)
  3 acid dragons
  A sky beast (D:7)
  7 water moccasins
  An ice beast (D:8)
  2 black bears (D:5)
  7 orc warriors
  3 ogres (D:6)
  A great orb of eyes simulacrum (IceCv)
  13 centaurs
  A wolf (Lair:2)
  3 phantoms
  A kobold brigand (D:11)
  3 gnoll sergeants
  4 bullfrogs
  A necrophage (D:5)
  3 glowing shapeshifter simulacra (IceCv)
  9 scorpions
  10 wights
  16 killer bees
  2 troll zombies (D:9)
  2 howler monkeys
  3 jellies
  7 orc priests
  A gnoll bouda (D:8)
  2 iguanas
  14 orc wizards
  2 shapeshifter simulacra (IceCv)
  4 ogre zombies (D:9)
  18 gnolls
  9 adders
  2 white imps
  2 ufetubi (D:4)
  A worm (D:4)
  5 dart slugs
  31 orcs
  4 bats
  4 endoplasms
  2 giant cockroaches (D:2)
  6 goblins
  9 hobgoblins
  4 jackals (D:4)
  2 quokkas
  7 ball pythons
  6 frilled lizards
  A hobgoblin skeleton (D:9)
  2 hobgoblin zombies (D:9)
  25 kobolds
  3 orc skeletons (D:9)
  13 orc zombies (D:9)
  5 rats
380 creatures vanquished.

Vanquished Creatures (others)
  3 fungi (Lair:2)
  4 plants (Lair:2)
7 creatures vanquished.

Grand Total: 387 creatures vanquished

Notes
Turn   | Place    | Note
-------+----------+-------------------------------------------
     0 | D:1      | raph the Troll Warper began the quest for the Orb.
     0 | D:1      | Reached XP level 1. HP: 19/19 MP: 1/1
   234 | D:1      | Reached skill level 1 in Throwing
   292 | D:1      | Reached XP level 2. HP: 28/28 MP: 2/2
   876 | D:2      | Learned a level 2 spell: Blink
   900 | D:2      | Reached XP level 3. HP: 33/35 MP: 4/4
  1112 | D:2      | Reached skill level 3 in Unarmed Combat
  1258 | D:2      | Reached XP level 4. HP: 42/42 MP: 5/5
  1651 | D:3      | Noticed a scorpion
  1659 | D:3      | Killed a scorpion
  1660 | D:3      | Reached XP level 5. HP: 32/49 MP: 6/6
  2556 | D:4      | Found Tairch's General Store.
  2560 | D:4      | Found Usauvuom's Specific Store.
  2564 | D:4      | Bought 2 potions of curing for 78 gold pieces
  2564 | D:4      | Bought a scroll of magic mapping for 97 gold pieces
  2604 | D:4      | Reached skill level 4 in Unarmed Combat
  2655 | D:4      | Reached XP level 6. HP: 59/59 MP: 7/7
  2698 | D:4      | Reached skill level 5 in Unarmed Combat
  2804 | D:4      | Bought a scroll of teleportation for 42 gold pieces
  2836 | D:4      | Reached XP level 7. HP: 57/67 MP: 8/8
  2869 | D:4      | Found an opulent altar of Gozag.
  2870 | D:4      | Identified the +5 short sword "Zadun" {vorpal, rF- Str+6
                  | SInv}
  2961 | D:4      | Reached skill level 6 in Unarmed Combat
  3009 | D:5      | Entered Level 5 of the Dungeon
  3050 | D:5      | Noticed Eustachio
  3228 | D:5      | Noticed Grinder
  3240 | D:5      | Killed Grinder
  3241 | D:5      | Reached skill level 7 in Unarmed Combat
  3241 | D:5      | Reached XP level 8. HP: 38/78 MP: 9/9
  3405 | D:5      | Found a radiant altar of Vehumet.
  3449 | D:5      | Killed Eustachio
  3592 | D:5      | Reached skill level 8 in Unarmed Combat
  3693 | D:5      | Reached skill level 5 in Fighting
  4031 | D:5      | Reached skill level 9 in Unarmed Combat
  4101 | D:6      | Found a staircase to the Ecumenical Temple.
  4120 | Temple   | Entered the Ecumenical Temple
  4213 | Temple   | Became a worshipper of Elyvilon the Healer
  4415 | D:6      | Reached XP level 9. HP: 88/88 MP: 10/10
  4461 | D:6      | Noticed Menkaure
  4470 | D:6      | Killed Menkaure
  4528 | D:6      | Noticed a two-headed ogre
  4542 | D:6      | HP: 4/89 [two-headed ogre/+0 giant club (8)]
  4557 | D:6      | Killed a two-headed ogre
  4558 | D:6      | Reached skill level 10 in Unarmed Combat
  4832 | D:6      | Noticed Edmund
  4838 | D:6      | Killed Edmund
  4925 | D:6      | Reached skill level 11 in Unarmed Combat
  4946 | D:6      | Reached * piety under Elyvilon
  5079 | D:6      | Found a sparkling altar of Nemelex Xobeh.
  5079 | D:6      | Found a transporter.
  5079 | D:6      | Noticed a cyclops
  5587 | D:7      | Reached skill level 1 in Invocations
  5587 | D:7      | Reached XP level 10. HP: 84/100 MP: 12/12
  6651 | D:8      | Noticed Joseph
  6655 | D:8      | Reached ** piety under Elyvilon
  6664 | D:8      | Killed Joseph
  6667 | D:8      | Identified the +1 long sword "Hecruj" {freeze, rPois rC+
                  | rCorr}
  7179 | D:9      | Found a flagged portal.
  7196 | Bailey   | Entered a bailey
  7212 | Bailey   | Noticed an orc warlord
  7408 | Bailey   | Learned a level 3 spell: Gell's Gravitas
  7461 | Bailey   | Found a runed translucent gate.
  7463 | Bailey   | Found a runed translucent gate.
  7466 | Bailey   | Found a runed translucent gate.
  7705 | Bailey   | Killed an orc warlord
  7706 | Bailey   | Reached skill level 12 in Unarmed Combat
  7784 | D:9      | Acquired an amulet of regeneration
  7983 | D:9      | Reached *** piety under Elyvilon
  8034 | D:9      | Found a sacrificial altar of Ru.
  8140 | D:9      | Found a staircase to the Orcish Mines.
  8148 | D:9      | Reached XP level 11. HP: 89/109 MP: 14/14
  8166 | D:9      | Paralysed by a hornet for 1 turns
  8195 | D:9      | Noticed Maggie
  8209 | D:9      | Killed Maggie
  8946 | D:10     | Entered Level 10 of the Dungeon
  8993 | D:10     | Reached **** piety under Elyvilon
  9415 | D:10     | Found a staircase to the Lair.
  9446 | D:10     | Learned a level 3 spell: Lesser Beckoning
  9450 | D:10     | Learned a level 3 spell: Teleport Other
  9458 | D:10     | Found an ancient bone altar of Kikubaaqudgha.
  9469 | D:10     | Noticed Maurice
  9481 | D:10     | Killed Maurice
  9614 | D:10     | Found a stormy altar of Qazlal.
  9615 | D:10     | Found a shadowy altar of Dithmenos.
  9839 | D:10     | Found a snail-covered altar of Cheibriados.
 10147 | D:11     | Noticed a two-headed ogre
 10174 | D:11     | Killed a two-headed ogre
 10714 | D:11     | Noticed Erica
 10721 | D:11     | Killed Erica
 10722 | D:11     | Reached skill level 13 in Unarmed Combat
 10950 | D:12     | Reached ***** piety under Elyvilon
 10957 | D:12     | Noticed a deep elf pyromancer
 11153 | D:12     | Killed a deep elf pyromancer
 11154 | D:12     | Reached XP level 12. HP: 111/119 MP: 15/15
 11169 | D:12     | Noticed a centaur warrior
 11181 | D:12     | Paralysed by a hornet for 2 turns
 11186 | D:12     | Reached skill level 5 in Dodging
 11189 | D:12     | Killed a centaur warrior
 11190 | D:12     | Reached skill level 1 in Evocations
 11322 | D:12     | Noticed a boulder beetle
 11343 | D:12     | Killed a boulder beetle
 11374 | D:12     | Noticed a two-headed ogre
 11390 | D:12     | Killed a two-headed ogre
 11493 | D:12     | Found a large runed translucent door.
 11493 | D:12     | Found a large runed translucent door.
 11495 | D:12     | Noticed protoss039's ghost (journeyman DsEE)
 11523 | D:12     | Noticed Psyche
 11530 | D:12     | Killed Psyche
 11737 | D:12     | Noticed Rupert
 11744 | D:12     | Paralysed by Rupert for 2 turns
 11751 | D:13     | Reached skill level 5 in Invocations
 11773 | D:13     | Reached skill level 5 in Throwing
 11787 | D:13     | Noticed a centaur warrior
 11791 | D:13     | HP: 5/120 [centaur warrior/arrow (23)]
 11802 | D:13     | Killed a centaur warrior
 11943 | D:13     | Noticed a tengu warrior
 11954 | D:13     | Killed a tengu warrior
 11955 | D:13     | Reached skill level 14 in Unarmed Combat
 12273 | Lair:1   | Entered Level 1 of the Lair of Beasts
 12282 | Lair:1   | You fall into a shaft and drop 1 floor!
 12290 | Lair:2   | Noticed a five-headed hydra
 12307 | Lair:2   | Killed a five-headed hydra
 12467 | Lair:2   | Reached XP level 13. HP: 40/128 MP: 16/16
 12470 | Lair:2   | Learned a level 2 spell: Passwall
 12579 | Lair:2   | Found a staircase to the Shoals.
 12698 | Lair:1   | Found a frozen archway.
 12716 | IceCv    | Entered an ice cave
 12843 | IceCv    | Noticed a quicksilver ooze
 12850 | IceCv    | Killed a quicksilver ooze
 13015 | IceCv    | Reached skill level 1 in Earth Magic
 13315 | IceCv    | Found a viscous altar of Jiyva.
 13315 | IceCv    | Noticed an azure jelly
 13330 | IceCv    | HP: 6/130 [azure jelly (3)]
 13331 | IceCv    | Slain by an azure jelly

Illustrated notes

Levels and vault maps discovered:
D:1:      matt_arrival_refuge, layout_basic, minivault_19,
          roderic_serpentine_path
D:2:      layout_loops_ring, minmay_tromino_v4_c
D:3:      layout_basic, grunt_ministairs_12
D:4:      layout_gridville, nicolae_gozag_cash_rules_everything_around_me,
          nicolae_specific_store, grunt_ministairs_3
D:5:      layout_loops_cross, nicolae_vehumet_altar_sigil, nrook_mini_backslash,
          uniq_eustachio, uniq_grinder
D:6:      layout_cave_pools, grunt_nemelex_the_gamble,
          minmay_temple_entry_sparse_star, uniq_edmund, uniq_menkaure
D:7:      layout_basic
D:8:      layout_basic, uniq_joseph
D:9:      layout_stronghold, mainiacjoe_overflow_alcove_1, zombieorc1_lemuel,
          enter_bailey_2, uniq_maggie
D:10:     layout_layer_cave, marbit_many_paths, mainiacjoe_overflow_paths,
          minitemple, lair_entry_dummy, kennysheep_crisscross, uniq_maurice
D:11:     layout_cave_pods, st_stairs_14, minmay_misc_feat_pillars, uniq_erica
D:12:     minmay_isolated_rectangles_in_corner, layout_rooms,
          ebering_ghost_disaster_area, uniq_psyche, uniq_rupert
D:13:     minmay_blocking_statues, layout_rooms, grunt_vaults_entry_tiered
Temple:   eino_temple_lava
Lair:1:   layout_loops_ring, portal_ice_cave_rime,
          grunt_forest_small_clearing_treed, grunt_megastairs_3,
          serial_bayou_shore_a, uniq_harold, uniq_gastronok
Lair:2:   nzn_winding_woodlands_large [nzn_winding_woodlands_5x5_closed_star,
          nzn_winding_woodlands_5x15_zeroes, nzn_winding_woodlands_hourglass,
          nzn_winding_woodlands_center_garden,
          nzn_winding_woodlands_15x15_boxy_spiral,
          nzn_winding_woodlands_center_lodge, nzn_winding_woodlands_5x5_cross,
          nzn_winding_woodlands_5x15_longhouse,
          nzn_winding_woodlands_5x5_checkerboard], layout_long_grid,
          elwin_shoals_entry_rocks, ebering_ghost_funeral_grove
IceCv:    ice_cave_hellmonk_azure_passage

Skill      XL: |  1  2  3  4  5  6  7  8  9 10 11 12 13 |
---------------+----------------------------------------+-----
Dodging        | 2 3 4 6 |  6.3
Throwing       | 1 2 4 5 6 |  6.1
Unarmed Combat | 3 4 5 7 9 11 12 13 14 | 14.6
Fighting       | 2 3 4 5 6 7 8 |  8.9
Spellcasting   | 2 3 |  3.1
Invocations    | 1 3 4 5 6 |  6.1
Translocations | 3 4 |  4.6
Evocations     | 3 |  3.4
Earth Magic    | 1 |  1.7

Action                   |  1- 3 |  4- 6 |  7- 9 | 10-12 | 13-15 || total
-------------------------+-------+-------+-------+-------+-------++-------
Melee: Unarmed           |    81 |   123 |   204 |   660 |   155 ||  1223
       Punch             |       |     4 |    12 |    52 |    21 ||    89
       Great mace        |       |       |       |     8 |       ||     8
Throw: Dart              |       |       |    20 |    18 |       ||    38
       Boomerang         |       |       |     3 |    14 |       ||    17
 Cast: Teleport Other    |       |       |       |       |     2 ||     2
Invok: Heal Self         |       |       |       |     5 |     4 ||     9
       Purification      |       |       |       |     1 |       ||     1
Evoke: Wand              |       |     1 |     1 |     7 |     1 ||    10
  Use: Scroll            |       |     6 |    14 |    12 |     1 ||    33
       Potion            |       |     3 |       |     4 |       ||     7
Armor: Robe              |    20 |    40 |    42 |     7 |       ||   109
       Acid dragon scale |       |       |       |   346 |    52 ||   398
Dodge: Dodged            |    50 |    73 |   115 |   378 |    46 ||   662
